[Event "*** SCC Grand Prix: Titled Tuesday Blitz"]
[Site "Chess.com"]
[Date "2020.07.07"]
[Round "7"]
[White "MisiekZielony"]
[Black "Danfii"]
[Result "0-1"]
[WhiteElo "2195"]
[BlackElo "2350"]
[TimeControl "180+1"]
[EndTime "11:19:33 PDT"]
[Termination "Danfii won on time"]

1. c4 e5 2. Nc3 Nf6 3. Nf3 Nc6 4. e3 Bb4 5. Qc2 Bxc3 6. Qxc3 Qe7 7. b3 O-O 8. Be2 e4 9. Nd4 Nxd4 10. Qxd4 c5 11. Qc3 d5 12. Bb2 Rd8 13. cxd5 Rxd5 14. O-O Be6 15.
Rfd1 Rad8 16. d4 cxd4 17. exd4 b5 18. Rac1 Bg4 19. Bxg4 Nxg4 20. Qg3 Nh6 21. Rc7 Qf6 22. Rxa7 Rg5 23. Qe3 Ng4 24. Qe2 Qd6 25. g3 Re8 26. h4 Rg6 27. Qxb5 Rf8 28. Qc5 Qe6 29. d5 Qf5 30. Rf1 Ne5 31. Qd4 Nf3+ 32. Kg2 Nxd4 33. Bxd4 Qf3+ 34. Kh2 Rh6 35. Be3 Rh5 36. d6 Rd8 0-1

[Event "*** SCC Grand Prix: Titled Tuesday Blitz"]
[Site "Chess.com"]
[Date "2020.07.07"]
[Round "7"]
[White "dopolian"]
[Black "druskacik"]
[Result "0-1"]
[WhiteElo "2424"]
[BlackElo "2588"]
[TimeControl "180+1"]
[EndTime "11:19:34 PDT"]
[Termination "druskacik won by resignation"]

1. e4 g6 2. d4 Bg7 3. f4 c5 4. c3 Nf6 5. Bd3 O-O 6. Nf3 d5 7.
e5 Ne4 8. O-O Nc6 9. Be3 cxd4 10.
cxd4 Nb4 11. Be2 Bf5 12. a3 Nc6 13. Nc3 Nxc3 14. bxc3 Na5 15. Nd2 Rc8 16. Rc1 Qb6 17. Qa4 Rc7 18. g4 Bd7 19. Qc2 Rfc8 20. f5 Bxe5 21. Qd3 Bg7 22. Bf3 Bb5 23. Qc2 Bxf1 24.
Nxf1 Rxc3 25. Qxc3 Rxc3 26. Rxc3 Bxd4 27. Rc8+ Kg7 28. Kf2 Nc4 29. Bxd4+ Qxd4+ 30. Kg2 Nxa3 31. Rc7 b5 32. Rxe7 Nc4 33. fxg6 hxg6 34. h4 b4 35. h5 gxh5 36. gxh5 b3 37. Ng3 b2 38.
Nf5+ Kf6 39. Nxd4 Kxe7 40. Nc6+ Kd6 41. Nb4 0-1

[Event "*** SCC Grand Prix: Titled Tuesday Blitz"]
[Site "Chess.com"]
[Date "2020.07.07"]
[Round "7"]
[White "FairChess_on_YouTube"]
[Black "Oneofmyturns"]
[Result "1-0"]
[WhiteElo "2992"]
[BlackElo "2719"]
[TimeControl "180+1"]
[EndTime "11:19:35 PDT"]
[Termination "FairChess_on_YouTube won by resignation"]

1. e4 e5 2. Nf3 Nc6 3. Nc3 Nf6 4. Bb5 Nd4 5. Bd3 Nxf3+ 6. Qxf3 Bc5 7. Be2 d6 8. Qg3 O-O 9. d3 c6 10. Bg5 Re8 11.
O-O-O Kf8 12. Rhf1 h6 13. Bd2 b5 14. f4 b4 15. Na4 Bd4 16. Bxb4 Rb8 17. Ba3 c5 18. fxe5 Bxe5 19. Qe1 Bd7 20. Nxc5 dxc5 21. d4 Nxe4 22. dxe5 Rxe5 23. Kb1 Qe7 24. Qa5 Bf5 25. Bd3 Bg6 26. Ka1 Kg8 27. b3 Rg5 28. Rde1 Rxg2 29. Bb2 Re8 30. h4 Qxh4 31. Qxa7 Nd2 32. Rxe8+ Kh7 33. Qb8 Bxd3 34. Rh8+ Kg6 35. Qd6+ f6 36. Qxd3+ Qe4 37. Qxe4+ Nxe4 38. a4 Rxc2 39. Rc1 Nd2 40. Rxc2 1-0

[Event "*** SCC Grand Prix: Titled Tuesday Blitz"]
[Site "Chess.com"]
[Date "2020.07.07"]
[Round "7"]
[White "JSMastropiero"]
[Black "volcanoexplorer"]
[Result "0-1"]
[WhiteElo "2430"]
[BlackElo "2590"]
[TimeControl "180+1"]
[EndTime "11:19:35 PDT"]
[Termination "volcanoexplorer won by resignation"]

1. d4 Nf6 2. c4 e6 3. Nc3 Bb4 4. e3 c5 5. Ne2 O-O 6. a3 Bxc3+ 7.
Nxc3 b6 8. d5 d6 9. Be2 Bb7 10.
O-O b5 11. dxe6 fxe6 12. Nxb5 d5 13. Bf3 Nbd7 14. Nc3 Ne5 15. cxd5 Nxf3+ 16. Qxf3 exd5 17. Qf5 Kh8 18. Qd3 Qb6 19. b4 a5 20. bxc5 Qxc5 21.
Nb5 a4 22. Bb2 Ba6 23. Bxf6 Rxf6 24. Rab1 Rb6 25. Qd4 Rxb5 26. Rxb5 Qxb5 27. Rd1 Rc8 28. h4 Bb7 29. h5 h6 30. Qg4 Qc4 31. Rd4 Qc1+ 32.
Kh2 Qxa3 33. Rxa4 Qd6+ 34. g3 Rf8 35. Rb4 Rxf2+ 36. Kg1 Qf6 37. Rf4 Rxf4 38. gxf4 d4 39. Qd7 Qc6 40. Qxc6 Bxc6 41. exd4 Kg8 42. Kf2 Kf7 43. Ke3 Ke6 44. Kf2 Kf5 45. Kg3 Be8 46. Kh4 Kxf4 47. d5 Ke5 48. d6 Kxd6 0-1

[Event "*** SCC Grand Prix: Titled Tuesday Blitz"]
[Site "Chess.com"]
[Date "2020.07.07"]
[Round "7"]
[White "antoszu"]
[Black "politeplayer"]
[Result "1-0"]
[WhiteElo "2546"]
[BlackElo "2257"]
[TimeControl "180+1"]
[EndTime "11:19:35 PDT"]
[Termination "antoszu won on time"]

1. d4 Nf6 2. c4 g6 3. Nc3 Bg7 4. e4 d6 5. Be2 O-O 6. Bg5 h6 7. Be3 c5 8. d5 e6 9. Qd2 exd5 10. exd5 h5 11. Bg5 Re8 12. Nf3 Bg4 13. O-O Nbd7 14. Rfe1 a6 15. h3 Bxf3 16. Bxf3 Rxe1+ 17. Rxe1 Ne5 18. Be2 Qa5 19. f4 Ned7 20. f5 Re8 21. fxg6 fxg6 22. Rf1 Nh7 23. Bf4 Bd4+ 24. Kh2 Be5 25. Bd3 Nhf8 26. Qc2 Bxf4+ 27. Rxf4 Ne5 28. Ne4 Re7 29.
Ng5 Qe1 30. Be4 Qe3 31. g3 Nh7 32. Nxh7 Kxh7 33. b3 b5 34. Rf6 bxc4 35. Bxg6+ Kg7 36. Rxd6 cxb3 37. Qb2 1-0

[Event "*** SCC Grand Prix: Titled Tuesday Blitz"]
[Site "Chess.com"]
[Date "2020.07.07"]
[Round "7"]
[White "m_ezat"]
[Black "BogdanDeac"]
[Result "0-1"]
[WhiteElo "2531"]
[BlackElo "2801"]
[TimeControl "180+1"]
[EndTime "11:19:36 PDT"]
[Termination "BogdanDeac won by checkmate"]

1. d4 d5 2. c4 e6 3. Nc3 c6 4. e4 dxe4 5. Nxe4 Bb4+ 6. Bd2 Qxd4 7. Bxb4 Qxe4+ 8. Be2 Nd7 9. Nf3 c5 10. Bc3 Ngf6 11.
Qd6 Qc6 12. Qg3 O-O 13. Ne5 Nxe5 14. Bxe5 Ne8 15. O-O f6 16. Bc3 e5 17. Bf3 Qb6 18. Rad1 Be6 19. b3 Nd6 20. Bg4 Ne4 21. Bxe6+ Qxe6 22. Qe3 Nxc3 23. Qxc3 Rfd8 24. Rxd8+ Rxd8 25.
h3 b6 26. Qf3 h6 27. Qb7 Qd7 28. Qe4 Qc7 29. Qf5 Rd4 30. f4 exf4 31. Qe6+ Kf8 32. Re1 Qd7 33. Qe2 Kg8 34. Qf3 Rd2 35. Qa8+ Kh7 36.
Qe4+ f5 37. Qxf4 Rxa2 38. Kh2 Rb2 39. Qb8 Qd2 40. Re8 Qxg2# 0-1

[Event "*** SCC Grand Prix: Titled Tuesday Blitz"]
[Site "Chess.com"]
[Date "2020.07.07"]
[Round "7"]
[White "Rodchenkov_Vitalij"]
[Black "Chessdude1987"]
[Result "0-1"]
[WhiteElo "2355"]
[BlackElo "2232"]
[TimeControl "180+1"]
[EndTime "11:19:36 PDT"]
[Termination "Chessdude1987 won on time"]

1. d4 Nf6 2. Nf3 g6 3. Bg5 Bg7 4. Nbd2 d5 5. e3 O-O 6. c3 Nbd7 7. Bd3 Re8 8. O-O h6 9. Bh4 c5 10. Qb1 cxd4 11. exd4 e5 12. dxe5 Nxe5 13. Nxe5 Rxe5 14.
Nf3 Rh5 15. Bg3 Bf5 16. Bxf5 Rxf5 17. Nd4 Rh5 18. Qd3 Ne4 19. Rad1 Qd7 20. Rfe1 Nxg3 21.
hxg3 Re8 22. Nf3 Re6 23. Rxe6 Qxe6 24. Re1 Qd7 25. Nd4 Re5 26. Rxe5 Bxe5 27. Nf3 Bf6 28.
Kh2 Kg7 29. c4 d4 30. Nd2 Qf5 31. Ne4 Be5 32. Kg1 h5 33. b3 a6 34. Kf1 Qg4 35.
f4 Qf5 36. Kf2 h4 37. Ke2 Bf6 38. Nxf6 Qxf6 39. Qe4 hxg3 40. Kd3 Qf5 41. Qxf5 gxf5 42. Kxd4 Kf6 0-1

[Event "*** SCC Grand Prix: Titled Tuesday Blitz"]
[Site "Chess.com"]
[Date "2020.07.07"]
[Round "7"]
[White "Morshynska"]
[Black "Ceejay271"]
[Result "0-1"]
[WhiteElo "2179"]
[BlackElo "2332"]
[TimeControl "180+1"]
[EndTime "11:19:36 PDT"]
[Termination "Ceejay271 won on time"]

1. e4 c5 2. Nf3 Nc6 3. d4 cxd4 4. Nxd4 g6 5. c4 Nf6 6. Nc3 d6 7. Be2 Bg7 8. Be3 O-O 9. O-O Bd7 10. Rc1 Nxd4 11. Bxd4 Bc6 12. f3 a5 13. Qd2 Nd7 14. Be3 Nc5 15. b3 Be5 16. Nb5 e6 17. Bg5 Qb6 18.
Kh1 Bxb5 19. cxb5 f5 20. exf5 Rxf5 21. Rfd1 Raf8 22. Rf1 Bf4 23. Bxf4 Rxf4 24. Rc4 R4f5 25. Rh4 d5 26. Qh6 Qc7 27. Re1 b6 28. Bf1 Qg7 29. Qd2 Rd8 30. Qc2 g5 31. Rg4 h5 32. Rg3 Rdf8 33. Bd3 Re5 34. Rxe5 Qxe5 35. h4 Qxg3 36. Bh7+ Kh8 37. Qg6 Qe1+ 38. Kh2 Qxh4+ 39. Kg1 Qd4+ 40. Kh1 Qg7 41. Qxh5 Qxh7 0-1

[Event "*** SCC Grand Prix: Titled Tuesday Blitz"]
[Site "Chess.com"]
[Date "2020.07.07"]
[Round "7"]
[White "MoreChessJulia"]
[Black "Khazieva_Elza"]
[Result "1/2-1/2"]
[WhiteElo "1848"]
[BlackElo "2275"]
[TimeControl "180+1"]
[EndTime "11:19:37 PDT"]
[Termination "Game drawn - insufficient material"]

1. d4 Nf6 2. c4 d6 3. f3 e5 4. dxe5 dxe5 5. Qxd8+ Kxd8 6. Nc3 c6 7. Bg5 Be7 8.
O-O-O+ Kc7 9. e4 Be6 10. Be3 Nbd7 11. Nge2 Bc5 12. Bxc5 Nxc5 13. b3 Rhd8 14. Kc2 a5 15. Nc1 Rxd1 16. Kxd1 Rd8+ 17. Kc2 Nfd7 18. Be2 f5 19. a3 fxe4 20. fxe4 Nf6 21. Bf3 Bg4 22. Rd1 Rf8 23. Rf1 Re8 24. Bxg4 Nxg4 25. Rf7+ Kb6 26. Rxg7 Nxh2 27. Rxh7 Nf1 28. b4 Ne6 29. c5+ Ka7 30. b5 Nd4+ 31. Kd3 cxb5 32. N1e2 Rd8 33. Nd5 Nxe2 34. Kxe2 Ng3+ 35. Kf3 Nf1 36. c6 Nd2+ 37.
Kg4 Nxe4 38. Rxb7+ Ka6 39. c7 Rc8 40. Rb8 Nd6 41. Rxc8 Nxc8 42. Kf5 Kb7 43. Kxe5 Kc6 44. g4 b4 45. axb4 axb4 46. Nxb4+ Kxc7 47. g5 Kd7 48. Kf6 Ne7 49. g6 Nxg6 1/2-1/2

[Event "*** SCC Grand Prix: Titled Tuesday Blitz"]
[Site "Chess.com"]
[Date "2020.07.07"]
[Round "7"]
[White "Joseacorrea"]
[Black "Zmof"]
[Result "1-0"]
[WhiteElo "1934"]
[BlackElo "2195"]
[TimeControl "180+1"]
[EndTime "11:19:37 PDT"]
[Termination "Joseacorrea won by resignation"]

1. c4 f5 2. Nc3 Nf6 3. g3 g6 4. Bg2 Bg7 5. e3 O-O 6. Nge2 d6 7. d4 e5 8. dxe5 dxe5 9. Qxd8 Rxd8 10. Nd5 Nxd5 11. Bxd5+ Kh8 12. O-O c6 13. Bg2 Be6 14. b3 e4 15. Nd4 Bf7 16. Rb1 Na6 17. Bb2 Nb4 18. a3 Nd3 19. Ba1 a5 20. Rfd1 Rd7 21. Bf1 Ne5 22. Nc2 Rad8 23. Be2 Rxd1+ 24. Rxd1 Rxd1+ 25. Bxd1 a4 26. Bxe5 Bxe5 27. Nd4 axb3 28.
Bxb3 Kg8 29. Kf1 Kf8 30. Ke2 Ke7 31. Kd2 Kd7 32. a4 Kc7 33. c5 Bxb3 34. Nxb3 h5 35. h4 b6 36. cxb6+ Kxb6 37. Kc2 c5 38. Nd2 Ka5 39.
Nc4+ Kxa4 40. Nxe5 Kb4 41. Nxg6 Kc4 42. Ne7 Kb4 43.
Nxf5 1-0

[Event "*** SCC Grand Prix: Titled Tuesday Blitz"]
[Site "Chess.com"]
[Date "2020.07.07"]
[Round "7"]
[White "anon569"]
[Black "dosto07"]
[Result "0-1"]
[WhiteElo "2338"]
[BlackElo "2215"]
[TimeControl "180+1"]
[EndTime "11:19:38 PDT"]
[Termination "dosto07 won by resignation"]

1. e4 e5 2. Nf3 Nc6 3. Bb5 a6 4. Ba4 Nf6 5. O-O Be7 6. Re1 b5 7. Bb3 d6 8. h3 Na5 9. d4 exd4 10.
c3 Nxb3 11. axb3 dxc3 12. Nxc3 Bb7 13. Nd4 O-O 14. Nf5 Bc8 15. Nxe7+ Qxe7 16. Bg5 Bb7 17. Nd5 Bxd5 18. exd5 Qd8 19. Re3 h6 20. Bh4 Re8 21. Rf3 g5 22. Bg3 Ne4 23. Qd4 Qd7 24. Rc1 f5 25.
Bh2 Re7 26. Re3 Rae8 27. Re2 f4 28. Rec2 Nc5 29. Kf1 Nxb3 30. Qd3 Nxc1 31. Rxc1 Re4 32. f3 Re2 33. Bg1 Qh7 34. Qc3 R8e7 35. Bd4 Qf7 36. Qc6 Qe8 37. Qxa6 Re1+ 0-1

[Event "*** SCC Grand Prix: Titled Tuesday Blitz"]
[Site "Chess.com"]
[Date "2020.07.07"]
[Round "7"]
[White "Kate1606"]
[Black "Gandrade2"]
[Result "0-1"]
[WhiteElo "1419"]
[BlackElo "2120"]
[TimeControl "180+1"]
[EndTime "11:19:38 PDT"]
[Termination "Gandrade2 won on time"]

1. e4 c5 2. Nc3 g6 3. f4 Bg7 4. Nf3 d6 5. Bb5+ Bd7 6. Bc4 Nc6 7. O-O Nf6 8. d3 O-O 9. Qe1 a6 10. Qh4 b5 11. Bd5 b4 12. Bxc6 Bxc6 13. Ne2 c4 14. f5 b3 15. Bh6 bxc2 16. Bxg7 Kxg7 17. fxg6 fxg6 18. Ng5 Qb6+ 19. d4 e5 20. Rxf6 Kxf6 21.
Rf1+ Ke7 22. Nxh7+ Kd7 23. Qg4+ Kc7 24. Nxf8 Rxf8 25.
Rxf8 Qxd4+ 26. Nxd4 c1=Q+ 27. Rf1 Qe3+ 28. Kh1 exd4 29.
Qxg6 Bxe4 30. Qf7+ Kc6 31. Qxc4+ Kb6 32. Qb4+ Kc6 33.
Qa4+ Kc7 34. Qa5+ Kd7 35. Rf7+ Ke6 36. Rf1 Qe2 0-1

[Event "*** SCC Grand Prix: Titled Tuesday Blitz"]
[Site "Chess.com"]
[Date "2020.07.07"]
[Round "7"]
[White "aa175"]
[Black "ShahMatKanal"]
[Result "1-0"]
[WhiteElo "2374"]
[BlackElo "2477"]
[TimeControl "180+1"]
[EndTime "11:19:39 PDT"]
[Termination "aa175 won by resignation"]

1. d4 d5 2. Bf4 Nf6 3. e3 c5 4.
Nf3 cxd4 5. exd4 Nc6 6. Nbd2 Bg4 7. c3 a6 8. h3 Bf5 9. a4 e6 10. Qb3 Qd7 11. Ne5 Nxe5 12. dxe5 Ne4 13. Nxe4 Bxe4 14. O-O-O Be7 15. f3 Bg6 16. h4 h5 17. Bg5 Bc5 18. Bd3 O-O 19. Bxg6 fxg6 20. Qc2 Rf5 21. g4 Rxf3 22.
Qxg6 Qxa4 23. Qxe6+ Kh8 24. Qxd5 Rf2 25. Rd2 Raf8 26. Qxc5 Qa1+ 27. Kc2 Qa4+ 28. Kd3 R8f3+ 29. Be3 Rxd2+ 30. Kxd2 Qxg4 31. Rg1 Qd7+ 32. Ke2 Qf7 33. e6 Qf6 34. Qxh5+ Kg8 35. Qxf3 Qxe6 36. Qxb7 Qc4+ 37. Kf2 Qxh4+ 38. Rg3 Qh2+ 39. Qg2 Qh1 40. Rxg7+ Kf8 41. Rg8+ 1-0

[Event "*** SCC Grand Prix: Titled Tuesday Blitz"]
[Site "Chess.com"]
[Date "2020.07.07"]
[Round "7"]
[White "NewBornNow"]
[Black "Dr-Bassem"]
[Result "1-0"]
[WhiteElo "2683"]
[BlackElo "2803"]
[TimeControl "180+1"]
[EndTime "11:19:40 PDT"]
[Termination "NewBornNow won on time"]

1. e4 e5 2. Nf3 Nc6 3. Bb5 a6 4. Ba4 Nf6 5. O-O Be7 6. d3 d6 7.
c3 O-O 8. Re1 Re8 9. Nbd2 Bf8 10.
Nf1 g6 11. h3 b5 12. Bc2 Bb7 13. Ng3 Nb8 14. d4 Nbd7 15. a4 c5 16. d5 c4 17. Bg5 h6 18. Be3 Nc5 19. Qd2 h5 20. Bg5 Be7 21. Ra3 Nfd7 22. Be3 Qc7 23. Rea1 Nb6 24.
axb5 axb5 25. Qe2 Rxa3 26. Rxa3 Nba4 27. Ra2 Bc8 28. Nd2 Bd7 29. Qd1 Rb8 30. Ne2 Qd8 31. b3 cxb3 32. Nxb3 Nxb3 33. Bxb3 Bg5 34. Qd2 Bxe3 35.
Qxe3 Kg7 36. f4 Qb6 37. Qxb6 Rxb6 38. fxe5 dxe5 39. Kf2 f5 40. Bxa4 bxa4 41. c4 Rb4 42. c5 Bb5 43. Nc3 Bc4 44. Rxa4 Rb2+ 45. Kg1 Bd3 46.
c6 Rc2 47. Ra3 Bxe4 48. c7 1-0

[Event "*** SCC Grand Prix: Titled Tuesday Blitz"]
[Site "Chess.com"]
[Date "2020.07.07"]
[Round "7"]
[White "GianmarcoVaR"]
[Black "GregShahade"]
[Result "0-1"]
[WhiteElo "2532"]
[BlackElo "2675"]
[TimeControl "180+1"]
[EndTime "11:19:40 PDT"]
[Termination "GregShahade won by checkmate"]

1. d4 Nf6 2. Nf3 g6 3. Bg5 Bg7 4. Nbd2 O-O 5. c3 d6 6. e4 c5 7. d5 e6 8. dxe6 Bxe6 9. Bc4 Re8 10. O-O Nc6 11. Re1 h6 12. Bxf6 Qxf6 13. Bxe6 Rxe6 14.
Qb3 b6 15. Qd5 Rc8 16. a4 Qe7 17. Nc4 Qc7 18. g3 Rce8 19. Kg2 Ne7 20. Qd3 Qc6 21.
Rad1 Qxa4 22. Nxd6 Rd8 23. Qb5 Qxb5 24. Nxb5 Rxd1 25.
Rxd1 Rxe4 26. Nxa7 Nf5 27. Nc8 b5 28. Rd5 Re2 29. Rxc5 Rxb2 30. Na7 Ne3+ 31. Kh3 Rxf2 32. Ne1 Nf1 33. Ng2 Nd2 34. g4 Rf3+ 35. Kh4 Bf6+ 36.
g5 hxg5+ 37. Kg4 Rf2 38. Rc8+ Kg7 39. Ne3 Ne4 40. h3 Rf4# 0-1

[Event "*** SCC Grand Prix: Titled Tuesday Blitz"]
[Site "Chess.com"]
[Date "2020.07.07"]
[Round "7"]
[White "Malysch"]
[Black "novocane"]
[Result "0-1"]
[WhiteElo "2455"]
[BlackElo "2271"]
[TimeControl "180+1"]
[EndTime "11:19:40 PDT"]
[Termination "novocane won on time"]

1. d4 Nf6 2. c4 e6 3. g3 d5 4. Bg2 Be7 5. Nf3 O-O 6. O-O c6 7. Qc2 Nbd7 8. Nbd2 b6 9. e4 dxe4 10. Nxe4 Bb7 11. Rd1 Nxe4 12. Qxe4 Nf6 13. Qe2 Qc8 14.
Ne5 c5 15. dxc5 Bxg2 16. Kxg2 Bxc5 17. Qf3 Rd8 18. Bg5 Rxd1 19. Rxd1 Be7 20. Nc6 Kf8 21. Ne5 Qe8 22. Bxf6 gxf6 23. Nd7+ Kg7 24. Rd4 f5 25. Qc3 Kg8 26. Qf3 Rd8 27. Qc6 Kh8 28. b3 Bf6 29. Rd3 Bg7 30. h4 h6 31. Qc7 f4 32. g4 Qe7 33. Kh3 e5 34. Qc6 e4 35. Rd1 e3 36. fxe3 fxe3 0-1

[Event "*** SCC Grand Prix: Titled Tuesday Blitz"]
[Site "Chess.com"]
[Date "2020.07.07"]
[Round "7"]
[White "AliKa2810"]
[Black "S2PAc"]
[Result "0-1"]
[WhiteElo "2584"]
[BlackElo "2766"]
[TimeControl "180+1"]
[EndTime "11:19:41 PDT"]
[Termination "S2PAc won by resignation"]

1. d4 Nf6 2. c4 b6 3. f3 Nc6 4. Nc3 e5 5. d5 Ne7 6. g4 Ng6 7.
g5 Nh5 8. Nh3 Bc5 9. Ne4 O-O 10.
Nxc5 bxc5 11. Nf2 d6 12. Qc2 f5 13. gxf6 Qxf6 14. Bd2 Bf5 15. Qc3 Qh4 16. Be3 Rab8 17. O-O-O Nhf4 18. Ne4 Bxe4 19. fxe4 Rb4 20. Bd2 Rfb8 21.
b3 a5 22. e3 Nh5 23. Bd3 a4 24. Bc2 Nf6 25. Qd3 R4b7 26. Rdf1 Ra8 27. bxa4 Rab8 28. a5 Rb2 29. Bb3 Rxd2 30. Kxd2 Nxe4+ 31. Kc2 Nf2 32. Qf5 Nxh1 33. Rxh1 Rf8 34. Qe6+ Kh8 35. Rd1 Qe4+ 36. Kb2 Qxe3 37. Rc1 Qd2+ 38. Rc2 Qxa5 39. Rg2 Qe1 40. Qd7 Qe4 41. Qh3 Nf4 42. Qg4 Qxg2+ 0-1

[Event "*** SCC Grand Prix: Titled Tuesday Blitz"]
[Site "Chess.com"]
[Date "2020.07.07"]
[Round "7"]
[White "Alexander_Zubov"]
[Black "SharapovEvgeny"]
[Result "1-0"]
[WhiteElo "2934"]
[BlackElo "2439"]
[TimeControl "180+1"]
[EndTime "11:19:42 PDT"]
[Termination "Alexander_Zubov won by resignation"]

1. d4 d5 2. Nf3 Nf6 3. c4 c6 4. Qb3 g6 5. Bf4 Bg7 6. e3 O-O 7. Nc3 Qb6 8. Qa3 e6 9. Bd6 Re8 10. Bd3 a5 11. O-O Na6 12. c5 Qd8 13. Bxa6 Rxa6 14.
Ne5 Nd7 15. f4 f6 16. Nf3 b5 17. Qb3 a4 18. Qb4 Qa5 19. a3 Qxb4 20. axb4 e5 21. f5 gxf5 22. Nh4 f4 23. Rae1 fxe3 24. Rxe3 Nf8 25. Ne2 Ra7 26. Ng3 Ng6 27. Nhf5 Bxf5 28. Nxf5 Rf7 29. h4 h5 30. g3 Kh7 31. Kg2 Bh6 32. Re2 e4 33. Kh3 Re6 34. Ra1 Bf8 35.
b3 axb3 36. Rb2 Bxd6 37. Nxd6 Rc7 38. Rxb3 e3 39. Re1 e2 40. Rb2 Rce7 41. Kg2 Kh6 42. Nf5+ Kh7 43. Nxe7 Rxe7 44. Rbxe2 Ra7 45. Re6 Ra2+ 46. Kh3 Ra4 47. Rxf6 Rxb4 48. Ree6 1-0

[Event "*** SCC Grand Prix: Titled Tuesday Blitz"]
[Site "Chess.com"]
[Date "2020.07.07"]
[Round "7"]
[White "MiroVlasenko"]
[Black "amatatanav"]
[Result "1-0"]
[WhiteElo "2620"]
[BlackElo "2424"]
[TimeControl "180+1"]
[EndTime "11:19:42 PDT"]
[Termination "MiroVlasenko won on time"]

1. d4 Nf6 2. Bg5 c5 3. Bxf6 exf6 4. dxc5 Bxc5 5. e3 d5 6. c3 Qb6 7. Qb3 Be6 8. Qxb6 Bxb6 9. Nf3 Nc6 10. Nbd2 Ke7 11.
Nb3 f5 12. g3 h6 13. Nbd4 g5 14. Bd3 Kf6 15. Kd2 Ne5 16. Nxe5 Kxe5 17. f4+ gxf4 18. exf4+ Kf6 19. Nf3 Rad8 20. Rhe1 d4 21. Nxd4 Bxd4 22.
cxd4 Rxd4 23. Re3 Rhd8 24. b3 Bd5 25. Kc3 Be4 26. Bc4 Rd2 27. Re2 Rxe2 28. Bxe2 Rc8+ 29.
Kd2 Rc2+ 30. Ke3 Rb2 31. Rd1 Rxa2 32. Rd6+ Kg7 33. Rd7 Bc6 34. Rc7 Rc2 35. Bc4 Rxh2 36. Rxf7+ Kg6 37. Rf8 Rg2 38. Rg8+ Kf6 39. Kd4 h5 40.
Rg5 Be4 41. Kc5 b6+ 42. Kd6 Rg1 43. Rxh5 Rxg3 44. Rh6+ Rg6 45. Rh4 Rg7 46. Rh6+ Rg6 47. Rh4 Rg4 48. Rh6+ Kg7 49. Re6 Rxf4 50. Ke5 Rf2 51. Re7+ Kg6 52. Rxa7 Rb2 53. Ra6 1-0

[Event "*** SCC Grand Prix: Titled Tuesday Blitz"]
[Site "Chess.com"]
[Date "2020.07.07"]
[Round "7"]
[White "Chuchofrio1"]
[Black "IMKarimIsmael"]
[Result "0-1"]
[WhiteElo "2234"]
[BlackElo "2406"]
[TimeControl "180+1"]
[EndTime "11:19:42 PDT"]
[Termination "IMKarimIsmael won on time"]

1. e4 e5 2. Nf3 Nf6 3. Nc3 Bb4 4.
Bc4 Bxc3 5. dxc3 d6 6. Bg5 Nbd7 7. O-O h6 8. Bxf6 Qxf6 9. Nd2 Nc5 10. b4 Ne6 11.
Bxe6 Bxe6 12. Qe2 O-O 13. Rfe1 Qg6 14. Nf1 f5 15. exf5 Bxf5 16. Ng3 Bxc2 17. Qc4+ Rf7 18. Rac1 Rf8 19. h4 Bd3 20. Qb3 b5 21. Nh1 Kh8 22.
Qb2 Qg4 23. Re3 Bc4 24. Qd2 Qxh4 25. Rh3 Qg4 26. Ng3 Rxf2 27. Qxf2 Rxf2 28. Kxf2 Qf4+ 29.
Kg1 Qxc1+ 30. Kh2 Qf4 31. Kg1 Kg8 32. Nh5 Qc1+ 33. Kh2 Bxa2 34. Rg3 g5 35. Nf6+ Kf7 36. Ng4 Kg6 37. Rf3 h5 38. Ne3 g4 39. Rf8 Qxe3 40.
Rg8+ Bxg8 0-1

[Event "*** SCC Grand Prix: Titled Tuesday Blitz"]
[Site "Chess.com"]
[Date "2020.07.07"]
[Round "7"]
[White "ArjunErigaisi2003"]
[Black "Sam_ChessMood"]
[Result "1-0"]
[WhiteElo "3023"]
[BlackElo "2843"]
[TimeControl "180+1"]
[EndTime "11:19:43 PDT"]
[Termination "ArjunErigaisi2003 won on time"]

1. Nf3 d5 2. c4 c6 3. e3 Nf6 4.
Nc3 a6 5. d4 Bf5 6. Qb3 Ra7 7.
a4 e6 8. a5 Nbd7 9. Nh4 Bg4 10. h3 Bh5 11. g4 Bg6 12. Nxg6 hxg6 13.
Bg2 Bd6 14. g5 dxc4 15. Qxc4 Nd5 16. Ne4 Bb4+ 17. Bd2 Bxd2+ 18. Kxd2 O-O 19. f4 f5 20. Nc3 Qe7 21. h4 Rd8 22. h5 Nf8 23. h6 Raa8 24. hxg7 Qxg7 25. Bxd5 exd5 26. Qb3 Rd7 27. Rh6 Re8 28. Rah1 Qe7 29. Rh8+ Kg7 30. R1h3 Qd8 31. Qd1 Qxa5 32. Qh1 Kf7 33. R3h7+ Ke6 34. Rxd7 Kxd7 35. Qh6 Qb4 36. Kc2 Qe7 37. Na4 Qxe3 38. Nc5+ 1-0

[Event "*** SCC Grand Prix: Titled Tuesday Blitz"]
[Site "Chess.com"]
[Date "2020.07.07"]
[Round "7"]
[White "esrosenberg"]
[Black "Fighter008"]
[Result "0-1"]
[WhiteElo "2279"]
[BlackElo "2565"]
[TimeControl "180+1"]
[EndTime "11:19:43 PDT"]
[Termination "Fighter008 won by checkmate"]

1. Nf3 g6 2. c4 Bg7 3. Nc3 e5 4. g3 d6 5. Bg2 f5 6. d3 Nf6 7. h4 h6 8. Qb3 Nc6 9. a3 O-O 10. c5+ d5 11. Ng5 Nd4 12. Qa2 c6 13. b4 hxg5 14. hxg5 Nh5 15. e3 Ne6 16. g4 fxg4 17.
Nxd5 cxd5 18. Bxd5 Qe7 19. Bb2 Kh8 20. O-O-O Nxg5 21. f4 gxf3 22. Rdg1 f2 23. Rxh5+ gxh5 24. Rf1 Bg4 25. Bc3 Rad8 26. Be4 Nxe4 27. dxe4 Qe6 28. Rxf2 Qxa2 29. Rxa2 Rf1+ 30. Kc2 Rf2+ 31. Kb3 Be6+ 32. Ka4 Rxa2 33. b5 Rd3 34. Bb4 Bd7 35. c6 bxc6 36.
bxc6 Bxc6+ 37. Ka5 Bxe4 38. Ka6 h4 39. Kxa7 h3 40.
Be1 Rb3 41. Ka6 Raxa3+ 42. Ba5 h2 43. Ka7 Rxa5# 0-1

[Event "*** SCC Grand Prix: Titled Tuesday Blitz"]
[Site "Chess.com"]
[Date "2020.07.07"]
[Round "7"]
[White "Kavyev_Ruslan"]
[Black "1977Ivan"]
[Result "1-0"]
[WhiteElo "2557"]
[BlackElo "2676"]
[TimeControl "180+1"]
[EndTime "11:19:44 PDT"]
[Termination "Kavyev_Ruslan won on time"]

1. d4 Nf6 2. c4 e6 3. g3 c5 4. Nf3 cxd4 5. Nxd4 Bb4+ 6. Bd2 Be7 7. Bg2 O-O 8. Nc3 Nc6 9. Bf4 Nh5 10. Be3 Ne5 11. b3 d6 12. O-O a6 13. Qd2 Rb8 14.
h3 Bd7 15. a4 Nf6 16. Rfd1 Re8 17. Bf4 Ng6 18. Bg5 h6 19. Bxf6 Bxf6 20. Ne4 Be7 21. Nf3 Bc6 22. Nxd6 Bxd6 23. Qxd6 Qb6 24. Qd3 e5 25.
Qc3 e4 26. Nd4 e3 27. f4 Bxg2 28. Kxg2 Qf6 29. Rd3 Rbd8 30. Nf3 Qf5 31. Rad1 Rxd3 32. Qxd3 Re4 33. Qd8+ Kh7 34. Qd7 Rxf4 35. gxf4 Nxf4+ 36. Kh2 Qc2 37. Ng1 Qe4 38. Qg4 f5 39. Qf3 Qe5 40.
Qg3 g5 41. Nf3 Qe4 42. Rd7+ Kg6 43. Rd6+ Kh5 44. Rd4 Qc2 45. Ng1 1-0

[Event "*** SCC Grand Prix: Titled Tuesday Blitz"]
[Site "Chess.com"]
[Date "2020.07.07"]
[Round "7"]
[White "Zq1"]
[Black "Roza_Idrisova"]
[Result "1-0"]
[WhiteElo "2526"]
[BlackElo "2238"]
[TimeControl "180+1"]
[EndTime "11:19:44 PDT"]
[Termination "Zq1 won by checkmate"]

1. d4 d5 2. c4 c6 3. cxd5 cxd5 4. Bg5 Nc6 5. Nc3 h6 6. Bh4 Bf5 7. e3 Rc8 8. a3 g5 9. Bg3 Bg7 10. h4 Nf6 11. hxg5 hxg5 12. Rxh8+ Bxh8 13. Nf3 g4 14. Ne5 Qb6 15. Na4 Qa5+ 16. b4 Nxb4 17. axb4 Qxb4+ 18. Qd2 Qb3 19. Nc5 Rxc5 20. dxc5 Ne4 21. Qd4 Bxe5 22.
Bxe5 f6 23. Qa4+ Qxa4 24. Rxa4 fxe5 25. Bb5+ Kf7 26. c6 bxc6 27. Bxc6 Be6 28. Rxa7 Nd6 29. Ra5 d4 30. Rxe5 dxe3 31. fxe3 Kf6 32. Rc5 Nf5 33. Kf2 Nd6 34. Kg3 Bf5 35. Kf4 e6 36. e4 e5+ 37. Rxe5 Be6 38. Rh5 Nf7 39. e5+ Kg6 40. Rh4 Kg7 41. Be4 Nh6 42. Rh1 Nf7 43. Bf5 Bxf5 44.
Kxf5 Nh6+ 45. Rxh6 Kxh6 46. Kf6 g3 47. e6 Kh5 48. e7 Kg4 49. e8=Q Kf4 50. Qe1 Kg4 51. Qf1 Kh5 52. Qf5+ Kh4 53. Qh3# 1-0